Map: Buried Caverns

Players

Pickle

  • Race: Protoss Protoss
  • Spawn Location: 3:00

Resolution

  • Race: Terran Terran
  • Spawn Location: 3:00

Creeper

  • Race: Protoss Protoss
  • Spawn Location: 5:00

Throwfordays

  • Race: Terran Terran
  • League: Silver
  • Spawn Location: 9:00

Cthulhu

  • Race: Terran Terran
  • Spawn Location: 7:00

Faust

  • Race: Zerg Zerg
  • League: Diamond
  • Spawn Location: 9:00

VOD

Have the link to the VOD?

Description

Time

  • Played on: Feb. 6, 2019, 7:34 p.m.
  • Length: 18:17
Show
View Real Time Build Order
Export as new Build Order

Pickle Protoss 

Build Orders:  

Get SALT Encoding   

  12  0:10  Pylon  
  12  0:14  Probe  
  13  0:34  Probe  
  13  0:35  Gateway  
  13  0:42  Probe  
  15  0:52  Probe  
  16  0:57  Assimilator  
  16  1:04  Probe  
  17  1:16  Probe  
  18  1:19  Forge  
  18  1:23  Pylon  
  18  1:28  Probe  
  19  1:34  Zealot  
  21  1:42  Assimilator  
  21  1:50  Probe  
  21  1:54  Zealot  
  24  2:02  Probe  
  24  2:07  Photon Cannon  
  25  2:14  Probe  
  26  2:16  Cybernetics Core  
  26  2:20  Pylon  
  26  2:24  Pylon  
  26  2:54  Warp Gate  
  26  2:56  Gateway x2  
  26  3:00  Gateway  
  26  3:06  Zealot  
  28  3:22  Twilight Council  
  28  3:27  Pylon  
  28  3:52  Nexus  
  28  3:57  Protoss Ground Weapons Level 1  
  27  4:05  Charge  
  27  4:21  Pylon  
  27  4:54  Photon Cannon  
  27  4:57  Photon Cannon  
  27  5:02  Probe  
  28  5:08  Probe  
  28  5:10  Probe  
  30  5:16  Probe  
  30  5:19  Probe  
  31  5:25  Probe  
  32  5:31  Probe  
  34  5:37  Probe  
  34  5:42  Zealot x4  
  41  5:43  Probe  
  41  5:47  Probe  
  45  5:55  Probe x2  
  46  6:04  Probe  
  47  6:07  Probe  
  49  6:16  Probe  
  49  6:17  Zealot x4  
  58  6:19  Probe  
  59  6:30  Assimilator  
  59  6:31  Probe  
  59  6:32  Protoss Ground Armor Level 1  
  60  6:33  Assimilator  
  60  6:38  Probe  
  61  6:42  Zealot  
  61  6:43  Zealot x3, Probe  
  70  6:50  Probe  
  71  7:13  Zealot  
  71  7:14  Zealot x2  
  77  7:28  Pylon  
  77  7:31  Pylon  
  77  7:39  Pylon  
  77  7:45  Pylon  
  77  7:48  Pylon  
  77  7:50  Pylon  
  53  8:16  Protoss Shields Level 1  
  45  8:32  Zealot x3  
  45  8:33  Zealot  
  49  9:06  Blink  
  49  9:09  Gateway  
  49  9:10  Nexus, Gateway  
  49  9:12  Gateway  
  49  9:15  Gateway  
  49  9:16  Nexus  
  49  9:18  Forge  
  49  9:19  Forge  
  49  9:26  Zealot  
  49  9:27  Zealot x3  
  49  9:28  Protoss Ground Weapons Level 2, Protoss Ground Armor Level 2  
  57  9:54  Pylon  
  57  9:55  Assimilator  
  57  10:00  Assimilator  
  57  10:03  Assimilator  
  57  10:08  Assimilator  
  57  10:11  Pylon  
  57  10:12  Stalker x2  
  57  10:13  Stalker x3  
  67  10:15  Stalker  
  67  10:17  Pylon  
  69  10:22  Protoss Shields Level 2  
  69  10:38  Probe x3  
  69  10:39  Probe  
  73  10:50  Probe x3  
  73  10:51  Probe  
  77  11:01  Sentry x3  
  77  11:02  Sentry x3, Probe x2  
  77  11:03  Sentry, Probe x2  
  95  11:05  Sentry  
  95  11:07  Resonating Glaives  
  97  11:24  Probe  
  98  11:26  Probe  
  99  11:36  Probe  
  99  11:38  Probe  
  99  11:50  Probe  
  100  11:56  Stalker  
  100  11:57  Stalker x6  
  100  11:58  Stalker  
  116  12:27  Stalker x5  
  116  12:28  Stalker x3  
  122  12:50  Probe x4  
  126  13:02  Probe x4  
  130  13:09  Protoss Ground Weapons Level 3, Protoss Ground Armor Level 3  
  130  13:10  Protoss Shields Level 3  
  128  13:14  Probe x4  
  128  13:45  Stalker  
  128  13:46  Stalker x4  
  128  13:47  Stalker x3  
  138  14:22  Zealot x6  
  138  14:23  Zealot x2  
  124  14:33  Nexus  
  100  14:52  Stalker x5  
  108  14:53  Stalker x3  
  112  15:01  Assimilator  
  112  15:05  Assimilator  
  112  15:06  Protoss Air Weapons Level 1  
  112  15:20  Zealot x2  
  112  15:21  Zealot x6  
  128  15:47  Cybernetics Core  
  128  15:55  Stargate  
  128  15:58  Stargate  
  128  16:01  Stargate  
  128  16:04  Stalker x5  
  130  16:05  Stalker x3  
  144  16:35  Zealot x5  
  144  16:36  Zealot x3  
  160  16:52  Fleet Beacon  
  160  17:01  Zealot x4  
  159  17:02  Zealot x4  
  169  17:35  Stalker x3  
  169  17:36  Stalker x5  
Show
View Real Time Build Order
Export as new Build Order

Resolution Terran 

Build Orders: Gas First Reaper Expand 

Get SALT Encoding   

  12  0:05  SCV  
  13  0:17  SCV  
  14  0:26  Supply Depot  
  14  0:29  SCV  
  15  0:35  Refinery  
  15  0:48  SCV  
  16  0:50  Barracks  
  16  1:00  SCV  
  17  1:12  SCV  
  18  1:24  SCV  
  19  1:40  Command Center  
  19  1:47  Reaper  
  20  1:56  Factory  
  20  1:58  SCV  
  21  2:15  Orbital Command  
  21  2:22  Barracks Tech Lab  
  21  2:25  Refinery  
  20  3:20  Marine  
  20  3:23  Hellion  
  23  3:27  Starport  
  23  3:30  Orbital Command  
  23  3:33  SCV  
  23  3:34  Refinery  
  24  3:42  Marine  
  24  3:45  Refinery, Starport  
  24  3:46  SCV  
  26  3:54  Engineering Bay  
  26  3:58  SCV  
  26  4:00  Factory Tech Lab  
  27  4:20  Barracks Reactor  
  27  4:22  Barracks  
  27  4:31  Banshee  
  27  4:32  Cloaking Field  
  27  4:36  Factory Reactor  
  30  4:40  SCV  
  31  4:52  SCV  
  32  4:57  Supply Depot  
  32  4:59  Terran Infantry Weapons Level 1  
  32  5:04  SCV, Armory  
  33  5:16  SCV, Hyperflight Rotors  
  34  5:21  Supply Depot  
  34  5:27  Banshee  
  37  5:31  Barracks Tech Lab  
  37  5:37  Banshee  
  37  5:42  SCV  
  41  5:43  SCV  
  42  5:54  SCV  
  42  5:55  SCV  
  42  6:10  Banshee  
  36  6:20  Banshee  
  36  6:24  SCV  
  40  6:36  SCV  
  41  6:40  Marine x3  
  41  6:45  Terran Vehicle And Ship Armor Level 1  
  44  6:48  SCV, Combat Shield  
  44  6:52  SCV  
  44  6:53  Banshee  
  44  6:54  Terran Infantry Armor Level 1  
  49  6:57  Marine  
  49  7:00  SCV  
  51  7:03  Banshee  
  51  7:04  SCV  
  55  7:17  Fusion Core  
  55  7:32  Widow Mine x2  
  59  7:39  Marine x3  
  62  8:40  Marine  
  62  8:47  Marine, Widow Mine  
  62  9:04  Widow Mine  
  62  9:08  Marine x2  
  62  9:09  Widow Mine  
  54  9:25  Widow Mine  
  54  9:26  Marine  
  54  9:27  Viking  
  54  9:28  Viking  
  54  9:30  Widow Mine  
  57  9:43  Missile Turret  
  53  9:46  Widow Mine, Missile Turret  
  53  9:51  Terran Vehicle And Ship Armor Level 2  
  51  9:56  Armory  
  51  9:57  Viking  
  53  10:04  Missile Turret  
  53  10:05  Missile Turret  
  53  10:34  Widow Mine  
  53  10:35  Widow Mine  
  57  10:36  Marine  
  57  10:37  Marine x2  
  57  10:42  Raven  
  62  10:51  SCV  
  62  10:54  Marine x2  
  62  10:55  Marine  
  62  10:56  Widow Mine x2  
  70  11:01  Viking  
  70  11:04  SCV, Terran Ship Weapons Level 1  
  73  11:10  Starport  
  73  11:12  Marine x3  
  73  11:16  SCV  
  77  11:21  Command Center  
  77  11:27  Supply Depot  
  77  11:28  SCV  
  77  11:32  Supply Depot  
  78  11:48  Viking x2, Starport  
  78  11:49  Widow Mine x2  
  78  11:50  Supply Depot  
  78  11:54  SCV  
  87  11:55  Supply Depot  
  87  12:10  Widow Mine x2  
  91  12:21  Viking x2  
  97  12:25  Starport Reactor  
  97  12:28  Terran Infantry Weapons Level 2  
  97  12:29  Barracks  
  95  12:31  Terran Vehicle And Ship Armor Level 3  
  95  12:33  Marine x3  
  98  12:51  Marine x3  
  101  13:09  Marine x3  
  104  13:27  Marine  
  91  14:03  Viking  
  91  14:04  Viking x4  
  91  14:05  Marine  
  91  14:06  Marine x3  
  90  14:16  Widow Mine  
  90  14:17  Widow Mine  
  90  14:23  Marine x2  
  90  14:24  Marine x2  
  93  14:26  Orbital Command  
  93  14:29  Refinery  
  94  14:33  Viking  
  94  14:34  Viking x3  
  102  14:41  Advanced Ballistics, Marine x3  
  104  15:17  Raven  
  104  15:19  Liberator  
  107  15:21  Starport Reactor  
  107  15:23  Viking x2  
  111  15:28  Barracks Reactor  
  111  15:34  Supply Depot  
  111  15:37  Supply Depot  
  111  15:52  Marine x2  
  111  15:53  Marine, Viking x2  
  111  15:54  Widow Mine  
  111  15:55  Widow Mine  
  122  15:57  Supply Depot  
  122  15:59  Raven  
  122  16:01  Supply Depot  
  122  16:02  Liberator  
  127  16:10  Marine x2  
  129  16:16  Widow Mine x2  
  133  16:23  Viking x2  
  137  16:45  Liberator  
  140  16:53  Viking x2  
Show
View Real Time Build Order
Export as new Build Order

Creeper Protoss 

Build Orders: Forge Fast Expand (FFE), Carriers 

Get SALT Encoding   

  12  0:02  Probe  
  13  0:10  Probe  
  14  0:30  Pylon  
  14  0:32  Probe  
  15  0:58  Forge  
  15  1:05  Probe  
  16  1:13  Nexus, Probe  
  17  1:21  Probe  
  17  1:23  Assimilator  
  18  1:38  Photon Cannon  
  18  1:41  Probe  
  19  1:52  Gateway  
  19  1:56  Probe  
  20  2:02  Pylon  
  20  2:08  Probe  
  21  2:11  Assimilator  
  21  2:42  Cybernetics Core  
  21  3:28  Probe  
  21  3:30  Stargate  
  21  3:32  Probe  
  22  3:36  Probe  
  22  3:40  Probe  
  24  3:43  Pylon  
  24  3:44  Probe  
  26  3:50  Probe  
  26  3:54  Protoss Shields Level 1  
  27  3:55  Probe  
  27  4:02  Stargate, Probe  
  29  4:07  Probe  
  30  4:11  Protoss Air Weapons Level 1  
  30  4:14  Probe  
  30  4:15  Assimilator  
  31  4:18  Assimilator  
  31  4:19  Probe  
  32  4:26  Probe  
  33  4:32  Void Ray, Probe  
  33  4:37  Probe  
  39  4:40  Probe  
  40  4:45  Probe  
  40  4:48  Probe  
  42  4:53  Probe  
  42  4:54  Void Ray  
  42  4:58  Probe  
  47  5:04  Probe  
  47  5:07  Stargate  
  49  5:15  Probe x2  
  51  5:23  Probe x2  
  51  5:27  Pylon  
  53  5:32  Probe  
  53  5:35  Pylon  
  54  5:45  Void Ray, Probe x2  
  54  5:49  Fleet Beacon  
  48  5:57  Probe  
  43  6:08  Probe  
  43  6:09  Probe  
  45  6:19  Probe  
  45  6:20  Probe  
  45  6:25  Void Ray  
  51  6:27  Probe  
  51  6:28  Probe  
  53  6:35  Probe  
  53  6:36  Probe  
  54  6:44  Probe  
  54  6:45  Probe  
  55  6:47  Void Ray  
  55  6:52  Probe  
  55  6:53  Probe  
  61  7:01  Probe  
  63  7:02  Void Ray, Probe  
  69  7:13  Probe  
  70  7:30  Pylon  
  70  7:37  Pylon  
  70  7:38  Protoss Air Weapons Level 2  
  70  7:39  Pylon  
  70  7:42  Pylon  
  70  7:44  Pylon  
  70  7:47  Tempest  
  71  8:33  Tempest  
  71  8:34  Tempest x2  
  86  8:43  Nexus  
  78  9:17  Tempest  
  78  9:18  Tempest x2  
  76  9:41  Stargate  
  76  9:42  Protoss Air Armor Level 1  
  76  9:44  Stargate  
  76  9:53  Tempest  
  76  10:03  Pylon  
  76  10:06  Phoenix  
  76  10:07  Phoenix  
  80  10:14  Anion Pulse-Crystals  
  65  10:38  Tempest  
  70  10:43  Void Ray  
  74  10:51  Photon Cannon  
  74  10:54  Assimilator  
  74  10:56  Probe  
  75  10:58  Assimilator  
  75  11:08  Probe  
  75  11:11  Photon Cannon, Void Ray x2  
  84  11:18  Probe  
  85  11:26  Probe  
  85  11:30  Protoss Air Weapons Level 3  
  86  11:35  Probe  
  82  11:47  Probe  
  82  11:48  Phoenix x2  
  81  11:59  Probe  
  75  12:02  Tempest  
  80  12:12  Probe  
  81  12:21  Tempest  
  86  12:24  Probe  
  87  12:50  Tempest  
  87  12:51  Tempest  
  97  13:16  Nexus  
  92  13:25  Tempest  
  92  13:26  Tempest x3  
  74  13:38  Void Ray  
  84  14:10  Void Ray  
  84  14:13  Void Ray  
  84  14:14  Void Ray  
  94  14:17  Void Ray  
  98  14:27  Assimilator  
  98  14:35  Carrier  
  98  14:52  Carrier  
  110  15:10  Probe  
  111  15:16  Photon Cannon, Carrier  
  111  15:17  Carrier  
  111  15:22  Probe  
  111  15:23  Carrier  
  111  15:25  Assimilator  
  124  15:34  Probe  
  131  15:44  Carrier  
  131  15:46  Probe  
  138  15:58  Probe  
  124  16:28  Carrier x2  
  124  16:29  Carrier  
  142  16:36  Probe  
  142  16:38  Probe  
  144  16:48  Probe  
  145  17:00  Probe  
  146  17:13  Probe  
  137  17:32  Tempest  
  137  17:33  Tempest x2  
Show
View Real Time Build Order
Export as new Build Order

Throwfordays Terran 

Build Orders:  

Get SALT Encoding   

  12  0:02  SCV  
  13  0:14  SCV  
  14  0:23  Supply Depot  
  14  0:26  SCV  
  15  0:45  Barracks  
  15  0:46  SCV  
  16  0:53  Refinery  
  16  0:58  SCV  
  17  1:08  Refinery  
  17  1:10  SCV  
  18  1:23  SCV  
  19  1:34  Supply Depot  
  19  1:36  SCV  
  19  1:39  Marine  
  21  1:48  SCV  
  22  1:56  Marine  
  22  2:00  SCV  
  24  2:05  Engineering Bay  
  24  2:14  SCV  
  25  2:26  SCV  
  25  2:27  Barracks Reactor  
  25  2:29  Factory  
  26  2:35  Supply Depot  
  26  2:43  Supply Depot  
  26  2:46  Terran Infantry Weapons Level 1  
  26  2:48  SCV  
  27  3:06  Marine x2  
  29  3:16  Factory Tech Lab, Command Center  
  29  3:26  Starport  
  29  3:33  Orbital Command  
  29  3:44  Infernal Pre-Igniter  
  29  4:06  Starport Tech Lab  
  29  4:20  Fusion Core  
  29  4:35  SCV  
  30  4:45  Refinery  
  30  4:47  SCV  
  30  4:48  Refinery  
  31  4:59  SCV  
  32  5:11  SCV  
  33  5:19  SCV  
  34  5:23  SCV  
  34  5:26  Weapon Refit  
  34  5:27  Command Center  
  35  5:31  SCV  
  36  5:35  SCV  
  37  5:44  SCV  
  37  5:48  SCV  
  39  5:52  Widow Mine  
  39  5:56  SCV  
  42  6:00  SCV  
  43  6:08  SCV  
  43  6:09  Armory  
  44  6:12  SCV  
  44  6:14  Widow Mine  
  47  6:20  SCV  
  47  6:23  Battlecruiser  
  47  6:24  SCV  
  55  6:32  SCV  
  56  6:35  Widow Mine  
  58  6:44  SCV  
  59  6:56  Drilling Claws  
  59  6:58  Terran Ship Weapons Level 1  
  59  7:07  Starport  
  59  7:18  Planetary Fortress  
  59  7:32  Battlecruiser  
  65  7:43  SCV  
  66  7:55  SCV  
  65  8:07  SCV  
  62  8:19  SCV  
  47  8:31  SCV  
  47  8:33  Starport Tech Lab  
  38  9:13  Battlecruiser  
  36  9:22  Starport  
  33  9:38  SCV  
  34  9:41  Refinery  
  34  9:44  Refinery  
  34  9:50  SCV  
  35  9:55  Command Center  
  35  10:02  SCV  
  36  10:12  SCV  
  37  10:14  SCV  
  37  10:18  Battlecruiser  
  44  10:22  Battlecruiser  
  44  10:24  SCV  
  44  10:26  SCV  
  52  10:36  SCV  
  52  10:38  SCV  
  54  10:51  Supply Depot  
  54  10:55  SCV x2  
  56  11:07  SCV x2  
  56  11:09  SCV  
  59  11:15  Terran Ship Weapons Level 2  
  59  11:17  Supply Depot  
  59  11:19  SCV x2  
  59  11:22  SCV, Battlecruiser  
  68  11:32  SCV  
  69  11:34  SCV  
  70  11:42  Battlecruiser  
  70  11:46  SCV  
  77  11:50  SCV  
  78  11:58  SCV  
  79  12:03  SCV  
  79  12:06  Starport  
  80  12:10  SCV  
  80  12:15  SCV  
  82  12:22  SCV  
  83  12:27  SCV  
  84  12:30  Battlecruiser  
  90  12:37  SCV  
  90  12:39  SCV  
  92  12:48  Starport Tech Lab  
  92  12:49  SCV  
  92  12:51  SCV  
  100  12:58  Armory  
  100  13:02  SCV, Command Center  
  100  13:03  SCV  
  102  13:14  SCV  
  102  13:15  SCV  
  103  13:26  SCV  
  92  13:27  SCV  
  44  14:14  SCV  
  45  14:19  Supply Depot  
  45  14:21  Supply Depot  
  45  14:40  SCV x2  
  47  14:50  Supply Depot x2  
  47  14:52  SCV x2  
  49  15:04  SCV x2, Barracks  
  49  15:05  Barracks  
  51  15:16  Refinery  
  51  15:17  SCV x2  
  51  15:19  Refinery  
  53  15:21  Supply Depot  
  53  15:23  Supply Depot  
  53  15:29  SCV x2  
  55  15:41  SCV x2  
  57  15:53  SCV x2  
  57  15:55  Barracks  
  59  16:01  Barracks  
  59  16:04  Factory  
  59  16:05  SCV  
  59  16:11  Barracks Tech Lab  
  60  16:12  Barracks Reactor  
  60  16:17  SCV  
  61  16:19  SCV  
  61  16:23  Supply Depot  
  61  16:24  SCV  
  63  16:29  SCV  
  63  16:31  SCV  
  63  16:32  Combat Shield  
  65  16:37  SCV  
  66  16:41  SCV  
  66  16:43  SCV  
  66  16:46  Engineering Bay  
  68  16:51  Barracks Reactor  
  68  16:53  SCV  
  69  16:56  SCV  
  69  16:59  Orbital Command  
  70  17:02  Factory Tech Lab  
  70  17:05  SCV  
  70  17:06  Factory Reactor  
  70  17:08  SCV  
  72  17:11  Marine x3  
  72  17:12  Armory  
  75  17:25  Starport  
  75  17:26  Starport  
  75  17:28  Marine, Orbital Command  
  75  17:29  Marine x2, Orbital Command  
  78  17:30  Barracks Reactor  
  78  17:34  Marine x2  
  80  17:44  Supply Depot  
  80  17:46  Marine  
  80  17:47  Marine x2, Supply Depot  
  83  17:52  Marine x2  
  77  18:01  Engineering Bay  
  77  18:02  Supply Depot  
  77  18:05  Supply Depot  
Show
View Real Time Build Order
Export as new Build Order

Cthulhu Terran 

Build Orders:  

Get SALT Encoding   

  12  0:01  SCV  
  13  0:13  SCV  
  14  0:19  Supply Depot  
  14  0:25  SCV  
  15  0:40  SCV  
  15  0:41  Barracks  
  16  0:47  Refinery  
  16  0:55  SCV  
  17  1:07  SCV  
  18  1:15  Refinery  
  18  1:20  SCV  
  19  1:35  Marine  
  20  1:45  Command Center  
  19  2:12  Factory  
  19  2:20  Orbital Command  
  19  2:24  Marine  
  20  2:31  Supply Depot  
  20  2:47  SCV  
  20  2:59  Marine, SCV  
  22  3:17  Widow Mine  
  22  3:19  Starport  
  24  3:21  SCV  
  25  3:32  Armory  
  25  3:33  Supply Depot  
  25  3:35  SCV  
  26  3:46  Supply Depot  
  26  3:50  Barracks Tech Lab  
  27  3:55  SCV  
  27  3:59  Viking  
  29  4:10  SCV  
  30  4:17  Orbital Command  
  30  4:25  SCV  
  30  4:26  Widow Mine  
  33  4:40  Fusion Core  
  33  4:41  Terran Vehicle And Ship Armor Level 1  
  33  4:51  Widow Mine  
  35  4:58  Barracks Tech Lab  
  35  5:03  SCV x2  
  37  5:07  Refinery  
  37  5:10  Raven  
  39  5:20  Supply Depot  
  39  5:37  Weapon Refit  
  39  5:44  SCV x2  
  41  5:53  Widow Mine  
  43  5:59  Starport  
  43  6:23  Battlecruiser  
  49  6:30  Engineering Bay  
  49  6:31  Supply Depot  
  49  6:48  Supply Depot  
  49  6:49  Widow Mine  
  49  6:51  Barracks Reactor  
  51  6:59  SCV x2  
  53  7:10  Widow Mine, Command Center  
  53  7:11  SCV x2  
  57  7:27  SCV x2  
  59  7:35  Refinery  
  59  7:37  Terran Vehicle And Ship Armor Level 2  
  59  7:45  Supply Depot  
  57  7:53  SCV x2  
  57  7:54  Marine x2  
  48  8:26  SCV x2  
  47  8:27  Orbital Command  
  45  8:38  SCV  
  46  8:46  SCV  
  46  8:47  Marine x2  
  46  8:48  Widow Mine  
  45  8:49  Battlecruiser  
  49  9:09  Widow Mine  
  50  9:54  Battlecruiser  
  50  9:55  SCV x2  
  50  9:56  SCV  
  59  10:01  Refinery, Battlecruiser  
  65  10:07  SCV  
  65  10:13  Barracks Tech Lab  
  66  10:17  SCV  
  66  10:18  SCV  
  66  10:19  SCV  
  69  10:40  Marine  
  70  10:45  SCV x2  
  70  10:46  SCV  
  73  11:00  Widow Mine  
  73  11:01  Widow Mine, Stimpack  
  73  11:02  Barracks  
  77  11:12  Marine  
  78  11:30  Marine  
  79  11:33  Terran Vehicle And Ship Armor Level 3  
  79  12:00  Marine, SCV x3  
  83  12:04  Viking  
  83  12:05  Viking  
  87  12:14  Marine, Barracks  
  88  12:17  Thor  
  94  12:25  Terran Infantry Weapons Level 1  
  94  12:32  Marine  
  93  12:40  Viking x2, Starport  
  93  12:43  Starport  
  89  12:45  SCV  
  89  12:46  SCV x2  
  92  12:58  SCV x2, Sensor Tower  
  92  12:59  Command Center  
  68  14:10  Terran Vehicle Weapons Level 1  
  58  14:17  Battlecruiser  
  58  14:19  Viking  
  58  14:20  Viking x3  
  58  14:22  Barracks Reactor  
  58  14:23  Marine x2  
  74  14:25  SCV x2  
  74  14:29  Orbital Command  
  76  14:32  Siege Tank  
  79  14:47  Refinery  
  79  14:49  Refinery, Viking  
  81  14:56  Sensor Tower  
  81  15:00  Starport Tech Lab x2  
  81  15:02  Medivac  
  81  15:05  Marine x2  
  81  15:06  Barracks Reactor  
  85  15:08  Marauder  
  87  15:19  Viking  
  89  15:22  Battlecruiser  
  89  15:23  Missile Turret  
  89  15:24  Battlecruiser  
  89  15:25  Battlecruiser  
  107  15:38  Medivac  
  107  15:40  Marine  
  107  15:41  Marine x2  
  112  15:51  Combat Shield  
  112  16:23  Marine, SCV x2  
  112  16:24  Marine x3  
  120  16:25  Marauder  
  120  16:27  Widow Mine  
  120  16:28  Viking x2  
  120  16:29  Viking  
  120  16:32  Battlecruiser  
  124  16:40  Supply Depot x2  
  124  16:41  Supply Depot  
  124  16:44  Viking  
  126  16:52  Marine x2  
  126  16:53  Marine x3  
  131  16:55  Widow Mine  
  131  16:58  Viking x2  
  131  16:59  Viking  
  123  17:10  Marine, Concussive Shells  
  78  17:29  Marine  
  64  17:30  Marine x2  
  53  17:49  Marine  
  53  17:50  Marine x4  
Show
View Real Time Build Order
Export as new Build Order

Faust Zerg 

Build Orders: Hatch First 

Get SALT Encoding   

  12  0:02  Drone  
  14  0:14  Drone  
  14  0:17  Extractor  
  14  0:18  Drone  
  15  0:24  Overlord  
  15  0:43  Drone x2  
  17  0:56  Hatchery  
  16  1:11  Drone  
  16  1:14  Extractor  
  16  1:16  Drone  
  17  1:21  Spawning Pool  
  16  1:55  Drone  
  16  1:56  Drone  
  18  2:03  Drone  
  20  2:08  Zergling x4  
  20  2:09  Queen  
  20  2:10  Queen  
  25  2:18  Metabolic Boost  
  25  2:20  Zergling x2  
  25  2:22  Drone  
  27  2:31  Drone  
  28  2:41  Overlord  
  28  3:21  Drone  
  28  3:22  Drone x7  
  28  3:24  Overlord x2  
  28  3:26  Lair  
  36  3:28  Extractor  
  36  3:29  Drone  
  36  3:47  Drone x4  
  40  3:49  Drone x2  
  40  4:12  Drone x2  
  40  4:14  Drone  
  40  4:15  Extractor, Drone x2  
  40  4:16  Extractor, Drone  
  44  4:27  Zergling x4  
  44  4:28  Zergling x4, Nydus Network  
  47  4:34  Baneling Nest  
  47  4:37  Evolution Chamber  
  45  4:38  Drone  
  45  4:39  Drone, Evolution Chamber  
  45  4:40  Zergling x2  
  45  4:42  Overlord  
  47  4:50  Drone x2  
  47  4:52  Drone  
  50  5:01  Zergling x4  
  50  5:02  Zergling x4  
  54  5:17  Baneling x2  
  54  5:18  Baneling x2  
  54  5:22  Baneling x3  
  54  5:23  Zergling x10, Baneling  
  59  5:29  Overlord x3  
  59  5:30  Overlord x2  
  59  5:37  Nydus Canal  
  59  5:49  Overlord  
  59  5:50  Zergling x6  
  54  6:14  Baneling  
  50  6:25  Hydralisk Den  
  49  6:35  Spire  
  48  6:42  Hatchery  
  48  6:44  Drone  
  48  6:45  Drone x6, Overlord x2  
  48  6:46  Overlord x3  
  54  6:56  Hatchery  
  53  7:13  Drone x2  
  55  7:22  Drone x2  
  57  7:23  Drone x2  
  57  7:26  Extractor  
  57  7:27  Overlord  
  57  7:28  Extractor  
  57  7:30  Zerg Ground Armor Level 1  
  57  7:32  Zerg Melee Weapons Level 1  
  57  7:50  Mutalisk x7  
  57  7:51  Mutalisk  
  73  7:59  Drone x2, Mutalisk  
  77  8:07  Zerg Flyer Weapons Level 1  
  77  8:24  Mutalisk x7  
  91  8:28  Overseer  
  91  8:34  Pneumatized Carapace  
  91  8:38  Mutalisk  
  93  8:43  Queen  
  95  8:50  Baneling  
  95  8:51  Baneling x9  
  93  9:09  Drone  
  83  9:10  Drone x11  
  89  9:40  Drone  
  89  9:41  Drone x6  
  96  9:46  Queen  
  96  9:51  Drone x3  
  101  9:58  Drone x2  
  101  9:59  Drone x2  
  97  10:28  Mutalisk x2  
  97  10:29  Mutalisk x8  
  97  10:33  Mutalisk  
  97  10:34  Mutalisk x2  
  119  10:42  Baneling x2  
  119  10:46  Mutalisk x3  
  125  11:11  Zerg Flyer Weapons Level 2  
  79  12:27  Mutalisk  
  79  12:28  Mutalisk x14  
  107  12:41  Drone  
  107  12:42  Drone x13  
  121  12:44  Drone  
  121  12:45  Drone  
  121  12:47  Drone x3  
  126  12:51  Zerg Melee Weapons Level 2, Zerg Ground Armor Level 2  
  126  12:54  Hatchery  
  125  13:00  Hatchery  
  107  13:23  Corruptor x5  
  115  13:27  Zergling x2  
  115  13:28  Zergling x14  
  123  13:45  Hatchery  
  122  13:51  Baneling x13  
  122  13:52  Baneling x3  
  122  13:53  Zergling x20  
  113  14:11  Zergling x12  
  113  14:12  Zergling x12  
  113  14:15  Baneling x17  
  125  14:17  Baneling x2  
  125  14:20  Drone x3  
  127  14:31  Zergling x6  
  90  14:42  Zergling x2  
  90  14:43  Zergling x4  
  84  14:51  Extractor  
  80  14:54  Extractor, Queen  
  81  15:00  Drone x3  
  81  15:01  Drone x3  
  81  15:02  Queen  
  88  15:31  Hatchery  
  88  15:34  Drone x4  
  88  15:35  Extractor, Drone x3  
  92  15:36  Drone x12  
  92  15:38  Extractor  
  104  15:56  Drone  
  105  15:57  Drone x4  
  105  15:58  Drone x2  
  111  16:13  Corruptor  
  111  16:14  Corruptor x6  
  125  16:18  Zerg Flyer Armor Level 1  
  125  16:20  Drone  
  123  16:39  Corruptor  
  125  16:40  Corruptor x9  
  125  16:44  Overlord x3  
  143  16:55  Queen  
  145  17:14  Corruptor x7  
  145  17:15  Corruptor x4  
  154  17:33  Corruptor  
  154  17:34  Corruptor x5  
  130  17:48  Zergling x2  
  130  17:49  Zergling x26  
Tags
 
Add a new tag
Caveats
  • Supply blocks, unpowered buildings, or Contaminate may cause inaccurate times.
  • Supply counts are checked every 10 seconds.